 Dungeon Crawl Stone Soup version 0.26.1-11-gd32895ea62 (webtiles) character file.

Game seed: 5621144624262368447

8 phalm the Conjurer (level 2, 20/20 HPs)
             Began as a Demonspawn Conjurer on June 23, 2021.
             Quit the game on level 1 of the Dungeon.
             The game lasted 00:01:09 (666 turns).

phalm the Conjurer (Demonspawn Conjurer)             Turns: 666, Time: 00:01:09

Health: 20/20      AC:  6    Str:  7    XL:     2   Next: 0%
Magic:  3/5        EV: 12    Int: 19    God:
Gold:   10         SH:  0    Dex: 11    Spells: 2/5 levels left

rFire    . . .     SeeInvis .   l - +1 short sword (flame)
rCold    . . .     Faith    .   (no shield)
rNeg     . . .     Spirit   .   a - +0 robe
rPois    .         Reflect  .   (no helmet)
rElec    .         Harm     .   (no cloak)
rCorr    .         Rampage  .   (no gloves)
Will     .....                  (no boots)
Stlth    ++........             (no amulet)
HPRegen  0.06/turn              O - +4 ring of protection
MPRegen  0.09/turn              (no ring)

@: no status effects
A: miasma immunity
a: no special abilities


You were on level 1 of the Dungeon.
You visited 1 branch of the dungeon, and saw 1 of its levels.

You collected 10 gold pieces.


Innate Abilities, Weirdness & Mutations

You are immune to miasma.


   Skills:
 + Level 0.5 Fighting
 - Level 1.7 Dodging
 - Level 1.7 Stealth
 + Level 2.1 Spellcasting
 * Level 4.2 Conjurations


You had 2 spell levels left.
You knew the following spells:

 Your Spells              Type           Power        Failure   Level
m - Magic Dart            Conj           72%          3%          1
s - Searing Ray           Conj           36%          4%          2

Your spell library contained the following spells:

 Spells                   Type           Power        Failure   Level
 Dazzling Flash           Conj/Hex       20%          22%         3
 Fulminant Prism          Conj/Hex       5%           56%         4
 Iskenderun's Mystic Bla  Conj/Tloc      10%          56%         4

Inventory:

Hand Weapons
 f - a +0 dagger
   (You took it off a kobold on level 1 of the Dungeon)
 j - a +0 short sword
   (You took it off a kobold on level 1 of the Dungeon)
 l - a +1 short sword of flaming (weapon)
   (You found it on level 1 of the Dungeon)
Missiles
 h - 30 sling bullets
Armour
 a - a +0 robe (worn)
 b - a cursed +0 kite shield
   (You found it on level 1 of the Dungeon)
Jewellery
 O - a +4 ring of protection (left hand)
   (You found it on level 1 of the Dungeon)
Scrolls
 d - a scroll of teleportation {unknown}
 g - a scroll of remove curse {unknown}
 i - a scroll of fear {unknown}
 k - a scroll of blinking {unknown}
Potions
 c - 2 potions of resistance {unknown}
 e - a potion of mutation {unknown}

Dungeon Overview and Level Annotations

Branches:
Dungeon (1/15)

Altars:

####### #.....# #.###.#
#.. ### #.# #.# ..
.....##.# #.#.# ###..#
.......@# #.#.#####.. ..
.....#..# #.#.......###.
......$.# #.#...........
..##.#.####.#.......###.
# #.#. #...#.....#....†
. #. #.###.......>..# ##
#. #.....#........# ..
#####..........#
#.#####+####


There were no monsters in sight!


Message History

😎 MP[+2]
Your mp is fully restored (3).
h - 19 sling bullets
i - a scroll labelled TAEXTANNIR You see here a +0 short sword.
j - a +0 short sword
j - a +0 short sword (weapon)
A rat comes into view.
You see here a small tourmaline ring.
Casting: Magic Dart (safe; 3% risk of failure)
Confirm with . or Enter, or press ? or * to list all spells.
Aiming: Magic Dart (safe; 3% risk of failure)
Press: ? - help, Shift-Dir - straight line, f - rat
Aim: a rat (asleep, 0% to evade)
You miscast Magic Dart.
You are very lightly contaminated with residual magic.
Nothing appears to happen. 😎 MP[-1]
You lost 1 mp, and now have 2/3 mp.
Your magical contamination has completely faded away.
You see here a small tourmaline ring.
A rat is nearby! 😎 MP[+1]
Your mp is fully restored (3).
Casting: Magic Dart (safe; 3% risk of failure)
Confirm with . or Enter, or press ? or * to list all spells.
Aiming: Magic Dart (safe; 3% risk of failure)
Press: ? - help, Shift-Dir - straight line, f/p - rat
Aim: a rat (asleep, 0% to evade)
The magic dart hits the rat but does no damage. 😎 MP[-1]
You lost 1 mp, and now have 2/3 mp.
Casting: Magic Dart (safe; 3% risk of failure)
Confirm with . or Enter, or press ? or * to list all spells.
Aiming: Magic Dart (safe; 3% risk of failure)
Press: ? - help, Shift-Dir - straight line, f/p - rat
Aim: a rat (0% to evade)
The magic dart hits the rat but does no damage. 😎 MP[-1]
You lost 1 mp, and now have 1/3 mp.
Casting: Magic Dart (safe; 3% risk of failure)
Confirm with . or Enter, or press ? or * to list all spells.
Aiming: Magic Dart (safe; 3% risk of failure)
Press: ? - help, Shift-Dir - straight line, f/p - rat
Aim: a rat (0% to evade)
You miscast Magic Dart.
You are very lightly contaminated with residual magic.
Nothing appears to happen. 😎 MP[-1]
You lost 1 mp, and now have 0/3 mp.
k - a small tourmaline ring
k - a +4 ring of protection (left hand)
O - a +4 ring of protection (left hand)
You closely miss the rat. The rat barely misses you.
You completely miss the rat.
The rat bites you but does no damage. x2
You hit the rat.
You kill the rat!
Your magical contamination has completely faded away. 😎 HP[+1]
You now have 14 max hp (+1).
Your hp is fully restored (14).
h - 30 sling bullets (gained 11)
A goblin comes into view.
The goblin shouts! 😎 MP[+3]
Your mp is fully restored (3).
Casting: Magic Dart (safe; 3% risk of failure)
Confirm with . or Enter, or press ? or * to list all spells.
Aiming: Magic Dart (safe; 3% risk of failure)
Press: ? - help, Shift-Dir - straight line, f - goblin
Aim: a goblin (0% to evade)
The magic dart hits the goblin.
You kill the goblin! 😎 MP[-1]
You lost 1 mp, and now have 2/3 mp.
Found a stone staircase leading down. 😎 MP[+1]
Your mp is fully restored (3).
You see here a goblin corpse.
k - a scroll labelled QUNOLLUPNO
l - a runed short sword Your +1 short sword of flaming bursts into flame!
l - a +1 short sword of flaming (weapon)
A bat comes into view.
The bat hits you but does no damage.
Casting: Magic Dart (safe; 3% risk of failure)
Confirm with . or Enter, or press ? or * to list all spells.
Aiming: Magic Dart (safe; 3% risk of failure)
Press: ? - help, Shift-Dir - straight line, f - bat
Aim: a bat (0% to evade)
The magic dart hits the bat.
You kill the bat!
You have reached level 2!
Your demonic ancestry asserts itself...
You feel immune to miasma. 😎 HP[+6]
You now have 20 max hp (+6).
Your hp is fully restored (20).
Memorise Searing Ray, consuming 2 spell levels and leaving 2?
You start memorising the spell.
You continue memorising. x2
You finish memorising.
Spell assigned to 's'.
Are you sure you want to abandon this character and quit the game? (Confirm with "yes".)

Action                   || total
-------------------------++-------
Melee: Unarmed           ||    14
       Short sword       ||     3
 Cast: Magic Dart        ||    17
Armor: Robe              ||     5
Dodge: Dodged            ||     9

Levels and vault maps discovered:
D:1:      dpeg_arrival_shelter, layout_basic, lexackson_kobold_supper

Notes
Turn   | Place    | Note
-------+----------+-------------------------------------------
     0 | D:1      | phalm the Demonspawn Conjurer began the quest for the Orb.
     0 | D:1      | Reached XP level 1. HP: 13/13 MP: 3/3
     0 | D:1      | magus.rc [v1.9.10]
   188 | D:1      | HP: 1/13 [hobgoblin/cursed -1 club (6)]
   663 | D:1      | Gained mutation: You are immune to miasma. [demonic
                  | ancestry]
   663 | D:1      | Reached XP level 2. HP: 20/20 MP: 3/5
   666 | D:1      | Learned a level 2 spell: Searing Ray
   666 | D:1      | Quit the game

Vanquished Creatures
  A goblin (D:1)
  A hobgoblin (D:1)
  2 bats (D:1)
  2 kobolds (D:1)
  2 rats (D:1)
8 creatures vanquished.

Table legend:
 A = Non-vault XP
 B = Vault XP
 C = Vault XP percentage of total XP
 D = Non-vault monster count
 E = Vault monster count
 F = Vault count percentage of total count
                 A         B        C        D         E       F
            +---------+---------+-------+---------+---------+-------
      Total |      12 |       0 |   0.0 |       8 |       0 |   0.0
            +---------+---------+-------+---------+---------+-------
        D:1 |      12 |       0 |   0.0 |       8 |       0 |   0.0
            +---------+---------+-------+---------+---------+-------

Illustrated notes

Table legend:
 A = Kills in this place as a percentage of kills in entire the game.
 B = Kills by you in this place as a percentage of kills by you in the entire game.
 C = Kills by friends in this place as a percentage of kills by friends in the entire game.
 D = Other kills in this place as a percentage of other kills in the entire game.
 E = Experience gained in this place as a percentage of experience gained in the entire game.
 F = Experience gained in this place divided by the number of levels of this place that you have seen.
                   A       B       C       D       E      F
               +-------+-------+-------+-------+-------+----------------------
         Total | 100.0 | 100.0 |   N/A |   N/A | 100.0 |  12.0
       Dungeon | 100.0 | 100.0 |   N/A |   N/A | 100.0 |  12.0
               +-------+-------+-------+-------+-------+----------------------

Table legend: (Time is in decaauts)
 A = Elapsed time spent in this place.
 B = Non-inter-level travel time spent in this place.
 C = Inter-level travel time spent in this place.
 D = Time resting spent in this place.
 E = Time spent auto-exploring this place.
 F = Levels seen in this place.
 G = Mean time per level.
                   A        B        C        D        E       F      G
               +--------+--------+--------+--------+--------+-----+--------+
         Total |    664 |    649 |     15 |      0 |    557 |   1 |  664.0 |
       Dungeon |    664 |    649 |     15 |      0 |    557 |   1 |  664.0 |
               +--------+--------+--------+--------+--------+-----+--------+

Top non-repeatable levels by time:
     D:1: 664 daAuts
